 Dungeon Crawl Stone Soup version 0.30-a0-782-ge64f9170bb (webtiles) character file.

Game seed: 7860890835158624882

73 zero the Digger (level 4, -1/24 HPs)
             Began as a Gargoyle Earth Elementalist on Feb 22, 2023.
             Slain by Terence
             ... wielding a +0 flail
              (3 damage)
             ... on level 3 of the Dungeon.
             The game lasted 00:01:39 (1555 turns).

zero the Digger (Gargoyle Earth Elementalist)       Turns: 1555, Time: 00:01:39

Health: -1/24      AC:  6    Str: 11    XL:     4   Next: 27%
Magic:  1/8        EV: 11    Int: 18    God:
Gold:   96         SH:  0    Dex: 10    Spells: 5/9 levels left

rFire   . . .      SeeInvis .    h - +0 sling
rCold   . . .      Faith    .    (no shield)
rNeg    + . .      Spirit   .    a - +0 robe
rPois   ∞          Reflect  .    (no helmet)
rElec   +          Harm     .    (no cloak)
rCorr   .          Rampage  .    (no gloves)
Will    .....                    d - +0 pair of boots
Stlth   ++                       (no amulet)
HPRegen 0.24/turn                (no ring)
MPRegen 0.11/turn                (no ring)

@: no status effects
A: sickness immunity, AC +3, negative energy resistance 1, electricity
resistance, torment resistance 1, petrification resistance
a: no special abilities


You were on level 3 of the Dungeon.
You visited 1 branch of the dungeon, and saw 3 of its levels.

You collected 96 gold pieces.

Inventory:

Hand Weapons
 c - a +2 dagger of protection
 h - a +0 sling (weapon)
 m - a +3 short sword of speed
Armour
 a - a +0 robe (worn)
 d - a +0 pair of boots (worn)
Scrolls
 f - a scroll of enchant armour {unknown}
 g - a scroll of magic mapping {unknown}
 k - a scroll of identify {unknown}
 l - a scroll of fog {unknown}
Potions
 b - a potion of magic
 e - a potion of haste {unknown}
 i - a potion of curing {unknown}
 j - a potion of brilliance {unknown}


   Skills:
 - Level 1.5 Dodging
 - Level 2.1 Stealth
 + Level 3.2 Spellcasting
 - Level 0.7 Transmutations
 - Level 5.0 Earth Magic


You had 5 spell levels left.
You knew the following spells:

 Your Spells              Type           Power      Damage    Failure   Level
a - Sandblast             Erth           40%        2d10      1%          1
b - Stone Arrow           Conj/Erth      22%        3d8       17%         3

Your spell library contained the following spells:

 Spells                   Type           Power      Damage    Failure   Level
 Passwall                 Tmut/Erth      10%        N/A       8%          2
 Petrify                  Tmut/Erth      13%        N/A       45%         4


Dungeon Overview and Level Annotations

Branches:
Dungeon (3/15)

Altars:

Annotations:
D:3 Terence


Innate Abilities, Weirdness & Mutations

You are immune to sickness and miasma.
Your stone body is resilient. (AC +3)
You are immune to poison.
You resist negative energy. (rN+)
You are resistant to electric shocks. (rElec)
You are resistant to unholy torment.
You are immune to petrification.


Message History

Terence hits you with a +0 flail.
The blast of sand hits Terence.
Terence is moderately wounded.
An iguana comes into view.
Terence misses you. Terence hits you with a +0 flail.
The blast of sand hits Terence!
Terence is severely wounded.
The iguana hisses angrily.
Terence hits you with a +0 flail!
You are too injured to fight recklessly!
You are too injured to fight recklessly!
Casting: Sandblast (safe; 1% risk of failure)
Confirm with . or Enter, or press ? or * to list all spells.
Aiming: Sandblast (safe; 1% risk of failure)
Press: ? - help, Shift-Dir - straight line, f/p - Terence
Aim: Terence, wielding a +0 flail and wearing a +0 scale mail (severely wounded, 85% to hit)
The blast of sand hits Terence.
Terence is severely wounded.
Terence hits you with a +0 flail.
* * * LOW HITPOINT WARNING * * *
Terence hits you with a +0 flail.
* * * LOW HITPOINT WARNING * * *
Casting: Sandblast (safe; 1% risk of failure)
Confirm with . or Enter, or press ? or * to list all spells.
Aiming: Sandblast (safe; 1% risk of failure)
Press: ? - help, Shift-Dir - straight line, f/p - Terence
Aim: Terence, wielding a +0 flail and wearing a +0 scale mail (severely wounded, 85% to hit)
The blast of sand hits Terence but does no damage.
Terence is severely wounded.
Terence hits you with a +0 flail.
* * * LOW HITPOINT WARNING * * *
Casting: Sandblast (safe; 1% risk of failure)
Confirm with . or Enter, or press ? or * to list all spells.
Aiming: Sandblast (safe; 1% risk of failure)
Press: ? - help, Shift-Dir - straight line, f/p - Terence
Aim: Terence, wielding a +0 flail and wearing a +0 scale mail (severely wounded, 85% to hit)
The blast of sand hits Terence but does no damage.
Terence is severely wounded.
Terence closely misses you. Terence hits you with a +0 flail.
You die...

###!#########
....lg@@....#
####.######.#
#.# #.# #.#
#.#
#.##########.#
#).....)<....#
##############


You could see Terence, an iguana and a hobgoblin.

Vanquished Creatures
  An orc priest (D:2)
  4 worms (D:2)
  2 orcs
  3 endoplasms (D:2)
  A giant cockroach (D:1)
  A goblin (D:1)
  5 hobgoblins
  2 ball pythons
  2 bats (D:2)
  A frilled lizard (D:1)
  2 kobolds
  9 rats
33 creatures vanquished.

Notes
Turn   | Place    | Note
-------+----------+-------------------------------------------
     0 | D:1      | zero the Gargoyle Earth Elementalist began the quest for
                  | the Orb.
     0 | D:1      | Reached XP level 1. HP: 10/10 MP: 3/3
   307 | D:1      | Reached XP level 2. HP: 15/15 MP: 0/5
   415 | D:1      | Reached skill level 4 in Earth Magic
   880 | D:2      | Reached XP level 3. HP: 19/19 MP: 4/6
   884 | D:2      | Learned a level 3 spell: Stone Arrow
  1467 | D:2      | Reached XP level 4. HP: 22/24 MP: 5/8
  1519 | D:3      | Reached skill level 5 in Earth Magic
  1545 | D:3      | Noticed Terence
  1555 | D:3      | Slain by Terence

Illustrated notes

Levels and vault maps discovered:
D:1:      sevenhm_arrival_forest_fort_small_5, layout_basic, serial_glass,
          glass_columns_b, glass_columns_b, grunt_decor_resistance
D:2:      layout_rooms
D:3:      layout_loops_ring, uniq_sigmund, uniq_terence

Skill      XL: |  1  2  3  4 |
---------------+-------------+-----
Earth Magic    | 4 5 |  5.0
Spellcasting   | 3 |  3.2
Dodging        | |  1.5
Stealth        | |  2.1
Transmutations | |  0.7

Action                     |  1- 3 |  4- 6 || total
---------------------------+-------+-------++-------
   Fire: Sling             |    36 |     2 ||    38
   Cast: Sandblast         |    31 |    12 ||    43
 Armour: Robe              |     6 |     2 ||     8
  Dodge: Dodged            |     8 |     4 ||    12

Table legend: (Time is in decaauts)
 A = Elapsed time spent in this place.
 B = Non-inter-level travel time spent in this place.
 C = Inter-level travel time spent in this place.
 D = Time resting spent in this place.
 E = Time spent auto-exploring this place.
 F = Levels seen in this place.
 G = Mean time per level.
                   A        B        C        D        E       F      G
               +--------+--------+--------+--------+--------+-----+--------+
         Total |   1597 |   1521 |     76 |     91 |   1187 |   3 |  532.3 |
       Dungeon |   1597 |   1521 |     76 |     91 |   1187 |   3 |  532.3 |
               +--------+--------+--------+--------+--------+-----+--------+

Top non-repeatable levels by time:
     D:2: 823 daAuts
     D:1: 727 daAuts
     D:3: 46 daAuts
